[Event "Titled Tuesday Blitz June 27 Early 2023"]
[White "Demchenko, Anton"]
[Black "Vakhlamov, Igor L."]
[WhiteFideId "4160258"]
[BlackFideId "24126748"]
[WhiteElo "2935"]
[BlackElo "2801"]
[Result "1-0"]
[Round "10"]
[TimeControl "180+2"]
[Date "2023.06.27"]
[WhiteClock "0:00:06"]
[BlackClock "0:00:00"]
[Board "9"]

1. e4 c5 2. Nc3 e6 3. Nf3 Nc6 4. Bb5 Nge7 5. O-O a6 6. Bxc6 Nxc6 7. d4 cxd4 8. Nxd4 Nxd4 9. Qxd4 b5 10. Re1 f6 11. Be3 Bb7 12. a4 b4 13. Na2 a5 14. c3 e5 15. Qd3 Be7 16. Rad1 Bc6 17. b3 bxc3 18. Nxc3 O-O 19. Nd5 Kh8 20. Bb6 Qb8 21. Bxa5 Bc5 22. Bd2 Qb7 23. Be3 Bxe3 24. Rxe3 Rfb8 25. h4 Ra5 26. Ne7 h6 27. h5 Qb4 28. Nxc6 dxc6 29. Qd7 Qb7 30. Rc3 c5 31. Qg4 c4 32. Rd7 Qxd7 33. Qxd7 cxb3 34. Rxb3 Rba8 35. Rb7 Rg8 36. Rc7 Raa8 37. f3 Rad8 38. Qc6 Ra8 39. Kh2 Kh7 40. Kh3 Kh8 41. Kg4 Kh7 42. Kf5 Rgf8 43. Qd7 Rg8 44. Rb7 Rad8 45. Qf7 Ra8 46. Ra7 Rab8 47. Qg6+ Kh8 48. a5 Rb2 49. Qg3 Rbb8 50. a6 Rb6 51. Qf2 Rbb8 52. Rb7 Ra8 53. a7 Raf8 54. Qb6 1-0


[Site "https://www.chess.com"]

[Event "Titled Tuesday Blitz June 27 Early 2023"]
[White "Postny, Evgeny"]
[Black "Nogerbek, Kazybek"]
[WhiteFideId "2804344"]
[BlackFideId "13710427"]
[WhiteElo "2751"]
[BlackElo "2910"]
[Result "0-1"]
[Round "10"]
[TimeControl "180+2"]
[Date "2023.06.27"]
[WhiteClock "0:00:00"]
[BlackClock "0:00:06"]
[Board "10"]

1. e4 e5 2. Nf3 Nc6 3. Bb5 a6 4. Bxc6 dxc6 5. O-O Qf6 6. d3 Ne7 7. Be3 Ng6 8. Nbd2 Bd6 9. h3 O-O 10. a4 a5 11. Nh2 Re8 12. Nc4 Bf8 13. Qh5 Qe7 14. Nf3 f6 15. Nh4 Nxh4 16. Qxh4 g5 17. Qg3 Bg7 18. Bd2 b6 19. Ne3 Qf7 20. Qf3 c5 21. b3 Be6 22. Nf5 Rad8 23. Be3 Qg6 24. g4 h5 25. gxh5 Qh7 26. Kg2 Kf7 27. Rh1 Bxf5 28. exf5 Rh8 29. h4 g4 30. Qxg4 Qxh5 31. Kf3 Rdg8 32. Rag1 Qxg4+ 33. Rxg4 Rh5 34. Ke4 Rgh8 35. f3 Bf8 36. Bf2 Be7 37. Rhg1 R5h7 38. Rg6 Kf8 39. R1g4 Kf7 40. Bg3 Bd6 41. Bf2 Rd8 42. c3 Re8 43. Be3 Bf8 44. Bf2 c6 45. Rg8 b5 46. Be3 Rd8 47. Bxc5 Be7 48. Rxd8 Bxd8 49. Bd6 Rh5 0-1


[Site "https://www.chess.com"]

[Event "Titled Tuesday Blitz June 27 Early 2023"]
[White "Weetik, Vjacheslav"]
[Black "Terry, Renato"]
[WhiteFideId "4153472"]
[BlackFideId "3803457"]
[WhiteElo "2801"]
[BlackElo "2993"]
[Result "0-1"]
[Round "10"]
[TimeControl "180+2"]
[Date "2023.06.27"]
[WhiteClock "0:00:00"]
[BlackClock "0:01:01"]
[Board "11"]

1. d4 e6 2. c4 Bb4+ 3. Bd2 Qe7 4. Nf3 Nf6 5. g3 Nc6 6. Nc3 O-O 7. Bg2 d6 8. O-O Bxc3 9. Bxc3 Ne4 10. Rc1 e5 11. Be1 Bg4 12. d5 Nb8 13. Nh4 Ng5 14. Bd2 Nh3+ 15. Kh1 Na6 16. f3 Bd7 17. e4 g6 18. Bh6 Rfe8 19. Qd2 f6 20. b4 Ng5 21. Rce1 Rad8 22. a3 c5 23. b5 Nb8 24. a4 Bc8 25. a5 Nd7 26. Qc2 Nf8 27. f4 Nf7 28. Bxf8 Rxf8 29. f5 Kg7 30. Bf3 Rh8 31. Qc3 Bd7 32. Be2 Rdg8 33. Rf2 Nh6 34. Bd3 gxf5 35. exf5 Kf8 36. Be4 Qg7 37. b6 a6 38. Qd2 Be8 39. Ng2 Ke7 40. Ne3 Qg5 41. Rg1 Rg7 42. g4 Rhg8 43. h3 Qh4 44. Rh2 Qg5 45. Nc2 Nf7 46. Ne3 Qf4 47. Qd3 Ng5 48. Rf1 Qxe4+ 49. Qxe4 Nxe4 0-1


[Site "https://www.chess.com"]

[Event "Titled Tuesday Blitz June 27 Early 2023"]
[White "Harshavardhan G B"]
[Black "Paravyan, David"]
[WhiteFideId "25059009"]
[BlackFideId "4194985"]
[WhiteElo "2814"]
[BlackElo "2986"]
[Result "0-1"]
[Round "10"]
[TimeControl "180+2"]
[Date "2023.06.27"]
[WhiteClock "0:02:28"]
[BlackClock "0:02:48"]
[Board "12"]

1. d4 Nf6 2. c4 g6 3. Nc3 d5 4. cxd5 Nxd5 5. e4 Nxc3 6. bxc3 Bg7 7. Bc4 c5 8. Ne2 O-O 9. h4 Nc6 10. Be3 cxd4 11. cxd4 Qa5+ 12. Kf1 Qa3 13. Rc1 Bg4 14. Qd2 Bxe2+ 15. Bxe2 Nxd4 16. Bxd4 Bxd4 17. Qxd4 Qxc1+ 0-1


[Site "https://www.chess.com"]

[Event "Titled Tuesday Blitz June 27 Early 2023"]
[White "Narayanan.S.L"]
[Black "Elsa167"]
[WhiteFideId "5058422"]
[WhiteElo "2984"]
[BlackElo "2823"]
[Result "1-0"]
[Round "10"]
[TimeControl "180+2"]
[Date "2023.06.27"]
[WhiteClock "0:01:27"]
[BlackClock "0:00:13"]
[Board "13"]

1. Nf3 Nf6 2. g3 d5 3. Bg2 e6 4. O-O Be7 5. c4 O-O 6. Ne5 c6 7. d4 Nbd7 8. Bf4 Nxe5 9. Bxe5 b6 10. Nd2 Bb7 11. Rc1 c5 12. dxc5 Bxc5 13. Nb3 Be7 14. Bxf6 Bxf6 15. cxd5 Bxd5 16. Bxd5 Qxd5 17. Qxd5 exd5 18. Rc2 Rfc8 19. Rd2 a5 20. Rfd1 a4 21. Nd4 g6 22. e3 Rc4 23. Ne2 Rb4 24. Nf4 Rxb2 25. Nxd5 Rxd2 26. Nxf6+ Kg7 27. Rxd2 Kxf6 28. Rd6+ Ke5 29. Rxb6 Kd5 30. a3 Rc8 31. Ra6 Rc4 32. Kf1 Kc5 33. Ke2 Rc2+ 34. Kf3 Kb5 35. Ra7 Rc3 36. Rxf7 Rxa3 37. Rxh7 Rc3 38. Ra7 a3 39. h4 Kb4 40. g4 Rc5 41. Kf4 Ra5 42. Rd7 a2 43. Rd1 a1=Q 44. Rxa1 Rxa1 45. Kg5 Rg1 46. f3 Kc5 47. Kxg6 Kd6 48. h5 Ke7 49. h6 Kf8 50. h7 Rh1 51. g5 Rh3 52. f4 Ke7 53. Kg7 1-0


[Site "https://www.chess.com"]

[Event "Titled Tuesday Blitz June 27 Early 2023"]
[White "Chigaev, Maksim"]
[Black "Halkias, Stelios"]
[WhiteFideId "4108116"]
[BlackFideId "4201809"]
[WhiteElo "2895"]
[BlackElo "2786"]
[Result "1-0"]
[Round "10"]
[TimeControl "180+2"]
[Date "2023.06.27"]
[WhiteClock "0:01:18"]
[BlackClock "0:00:49"]
[Board "14"]

1. e4 c5 2. Nf3 d6 3. d4 cxd4 4. Nxd4 Nf6 5. Nc3 a6 6. f4 e5 7. Nb3 Qc7 8. Be2 Nbd7 9. g4 h6 10. g5 hxg5 11. fxg5 Ng8 12. Nd5 Qd8 13. Be3 Ne7 14. h4 Nxd5 15. Qxd5 Nb6 16. Qa5 Nd7 17. Qxd8+ Kxd8 18. O-O-O Ke8 19. Bc4 Nb8 20. h5 Be6 21. Na5 Bg4 22. Rdf1 Be6 23. Bxe6 fxe6 24. Nxb7 Nc6 25. Rd1 1-0


[Site "https://www.chess.com"]

[Event "Titled Tuesday Blitz June 27 Early 2023"]
[White "Ibarra Jerez, Jose Carlos"]
[Black "Aradhya, Garg"]
[WhiteFideId "2226332"]
[BlackFideId "25006746"]
[WhiteElo "2886"]
[BlackElo "2753"]
[Result "1-0"]
[Round "10"]
[TimeControl "180+2"]
[Date "2023.06.27"]
[WhiteClock "0:00:16"]
[BlackClock "0:00:12"]
[Board "15"]

1. e4 e5 2. Nf3 Nc6 3. Nc3 Nf6 4. h3 d5 5. exd5 Nxd5 6. Bb5 Nxc3 7. bxc3 Bd6 8. O-O O-O 9. d4 exd4 10. cxd4 Qf6 11. Bb2 Bf5 12. c4 Nb4 13. Qb3 Nd3 14. c5 Nf4 15. cxd6 Bxh3 16. d5 Qh6 17. Ne1 Bxg2 18. Nxg2 Nh3+ 19. Qxh3 Qxh3 20. dxc7 a6 21. Ba4 b5 22. Bb3 Qd7 23. Be5 Rfe8 24. Bg3 g5 25. Rfe1 h5 26. Re5 Rxe5 27. Bxe5 Re8 28. Rc1 Qf5 29. d6 h4 30. Ne3 Qc8 31. Bc2 Qe6 32. Bf5 Qxe5 33. d7 Kg7 34. dxe8=Q Qxe8 35. c8=Q Qe7 36. Qc3+ Kg8 37. Qd4 f6 38. Rc8+ Kf7 39. Qd5+ Kg7 40. Qg8+ Kh6 41. Qg6# 1-0


[Site "https://www.chess.com"]

[Event "Titled Tuesday Blitz June 27 Early 2023"]
[White "Morefield, Jason"]
[Black "Zhigalko, Sergei"]
[WhiteFideId "30920825"]
[BlackFideId "13502956"]
[WhiteElo "2762"]
[BlackElo "2885"]
[Result "0-1"]
[Round "10"]
[TimeControl "180+2"]
[Date "2023.06.27"]
[WhiteClock "0:00:01"]
[BlackClock "0:00:05"]
[Board "16"]

1. e4 c5 2. Nf3 Nc6 3. d4 cxd4 4. Nxd4 Nf6 5. Nc3 e5 6. Ndb5 d6 7. Nd5 Nxd5 8. exd5 Nb8 9. a4 Be7 10. Be2 O-O 11. Bd2 Nd7 12. a5 f5 13. O-O f4 14. c4 Nf6 15. Nc3 Bf5 16. Re1 Rc8 17. Bf1 Qe8 18. b4 g5 19. c5 Qg6 20. cxd6 Bxd6 21. Nb5 Ne4 22. Nxa7 Rcd8 23. Nb5 Bb8 24. Nc3 Nxf2 25. Qf3 Ba7 26. Nb5 Nh3+ 27. Kh1 Nf2+ 28. Kg1 g4 29. Qb3 Bc2 30. Qa2 Nh3+ 31. Kh1 Nf2+ 32. Kg1 g3 33. Nxa7 gxh2+ 34. Kxh2 Qg3+ 35. Kg1 Nh3+ 36. Kh1 Nf2+ 37. Kg1 f3 38. d6+ Kh8 39. Qe6 Rde8 40. Qh6 Ng4 41. Qh3 f2+ 42. Kh1 fxe1=Q 43. Rxe1 Qxe1 44. Bxe1 Rxf1# 0-1


[Site "https://www.chess.com"]

[Event "Titled Tuesday Blitz June 27 Early 2023"]
[White "Kantor, Gergely"]
[Black "Csonka, Balazs"]
[WhiteFideId "751499"]
[BlackFideId "742910"]
[WhiteElo "2868"]
[BlackElo "2741"]
[Result "1-0"]
[Round "10"]
[TimeControl "180+2"]
[Date "2023.06.27"]
[WhiteClock "0:00:03"]
[BlackClock "0:00:02"]
[Board "17"]

1. e4 e5 2. Nf3 Nc6 3. Bc4 Nf6 4. d3 Bc5 5. O-O O-O 6. Nbd2 Re8 7. c3 h6 8. b4 Bb6 9. a4 a6 10. a5 Ba7 11. Qb3 Qe7 12. Nh4 d6 13. Ng6 Qd7 14. h3 Nd8 15. Nh4 c6 16. Qc2 d5 17. Bb3 Qc7 18. Ndf3 Be6 19. Re1 dxe4 20. dxe4 Bxb3 21. Qxb3 Ne6 22. Nf5 Rad8 23. Qc4 Nf8 24. g3 Ng6 25. Kg2 Qd7 26. Be3 Bxe3 27. Rxe3 Qe6 28. Qc5 Nxe4 29. Nxh6+ gxh6 30. Rxe4 f5 31. Re3 Qd5 32. Qxd5+ cxd5 33. Rae1 e4 34. Nd4 f4 35. gxf4 Nxf4+ 36. Kh2 Ne6 37. Nf5 Kh7 38. f3 Rf8 39. fxe4 dxe4 40. Rxe4 Ng5 41. Re7+ Kg6 42. Nd4 Nf3+ 43. Nxf3 Rxf3 44. R1e6+ Kh5 45. Re5+ Kg6 46. R7e6+ Kg7 47. Re2 Rdd3 48. Re7+ Kg6 49. Rxb7 Rxh3+ 50. Kg2 Rhg3+ 51. Kf2 Rdf3+ 52. Ke1 Rxc3 53. Rb6+ Kg5 54. Rxa6 h5 55. Ra8 h4 56. Rg8+ Kf4 57. Rf2+ Ke3 58. Re8+ Kd4 59. Rd2+ Kc4 60. Re4+ Kb5 61. Rxh4 Rb3 62. Rd5+ Ka4 63. Rd2 Rb1+ 64. Kf2 Rxb4 65. Rxb4+ Kxb4 66. Kxg3 1-0


[Site "https://www.chess.com"]

[Event "Titled Tuesday Blitz June 27 Early 2023"]
[White "Erdogmus, Yagiz Kaan"]
[Black "Kourkoulos-Arditis, Stamatis"]
[WhiteFideId "44599790"]
[BlackFideId "4221990"]
[WhiteElo "2866"]
[BlackElo "2717"]
[Result "1-0"]
[Round "10"]
[TimeControl "180+2"]
[Date "2023.06.27"]
[WhiteClock "0:00:11"]
[BlackClock "0:00:00"]
[Board "18"]

1. e4 c5 2. Nf3 e6 3. d4 cxd4 4. Nxd4 Nf6 5. Nc3 Nc6 6. Nxc6 bxc6 7. e5 Nd5 8. Ne4 Qc7 9. f4 Qb6 10. c4 Bb4+ 11. Ke2 f5 12. Nf2 Ne7 13. Be3 Bc5 14. Bxc5 Qxc5 15. b3 Qb6 16. Qd6 c5 17. Nd3 Ng6 18. Ke3 Bb7 19. Qxc5 Qd8 20. Rd1 a5 21. Qd6 Ra6 22. Qd4 Bc6 23. Nc5 Ra8 24. Qd6 Qb6 25. Rd4 Qb4 26. Bd3 Nh4 27. Rg1 Kf7 28. Nxe6 Qxd6 29. Rxd6 Nxg2+ 30. Rxg2 Bxg2 31. Ng5+ Ke7 32. Bxf5 Ra7 33. Be4 Bxe4 34. Nxe4 h6 35. f5 1-0


[Site "https://www.chess.com"]

[Event "Titled Tuesday Blitz June 27 Early 2023"]
[White "Mekhitarian, Krikor Sevag"]
[Black "Jakubowski, Krzysztof"]
[WhiteFideId "2107660"]
[BlackFideId "1112848"]
[WhiteElo "2863"]
[BlackElo "2648"]
[Result "1-0"]
[Round "10"]
[TimeControl "180+2"]
[Date "2023.06.27"]
[WhiteClock "0:00:08"]
[BlackClock "0:00:00"]
[Board "19"]

1. Nf3 Nf6 2. c4 c5 3. Nc3 d5 4. cxd5 Nxd5 5. e3 e6 6. Nxd5 exd5 7. b4 cxb4 8. Bb2 Nc6 9. Rc1 f6 10. Bd3 Bd6 11. Qc2 g6 12. h4 Be6 13. h5 gxh5 14. Bxh7 Kd7 15. Rxh5 Qe7 16. Rh6 Qg7 17. Rh4 Rac8 18. Qg6 Qxg6 19. Bxg6 Rxh4 20. Nxh4 Ne5 21. Rxc8 Kxc8 22. f4 Nxg6 23. Nxg6 f5 24. Bd4 a5 25. Kd1 b5 26. Kc2 a4 27. Ne5 Kc7 28. Nd3 Kc6 29. Kb2 Bf7 30. Be5 Be7 31. Bd4 Bh5 32. Ne5+ Kc7 33. Nd3 Bd1 34. Bc5 a3+ 35. Kb1 Be2 36. Bxe7 Bxd3+ 37. Kc1 b3 38. axb3 a2 39. Kb2 Bb1 40. Bf6 Kd7 41. Ka3 Kc6 42. Kb4 Bc2 43. Bd4 Bd1 44. Ka3 Bc2 45. Kxa2 Bd1 46. Ka3 Bc2 47. Kb4 Bd1 48. Kc3 Kd7 49. Bc5 Be2 50. Kd4 Ke6 51. b4 Bf1 52. Bf8 1-0


[Site "https://www.chess.com"]

[Event "Titled Tuesday Blitz June 27 Early 2023"]
[White "Vlassov, Nikolai"]
[Black "Bharath Subramaniyam H"]
[WhiteFideId "4103360"]
[BlackFideId "46634827"]
[WhiteElo "2640"]
[BlackElo "2831"]
[Result "0-1"]
[Round "10"]
[TimeControl "180+2"]
[Date "2023.06.27"]
[WhiteClock "0:00:11"]
[BlackClock "0:01:28"]
[Board "20"]

1. e4 c5 2. c3 e5 3. Nf3 Nc6 4. Bc4 Nf6 5. d4 cxd4 6. cxd4 exd4 7. O-O Nxe4 8. Re1 d5 9. Bxd5 Qxd5 10. Nc3 Qd8 11. Rxe4+ Be7 12. Nxd4 O-O 13. Nxc6 bxc6 14. Bf4 Be6 15. Qxd8 Rfxd8 16. Be3 Rab8 17. h4 Rxb2 18. Bxa7 Rc2 19. Na4 Bf6 20. Rae1 Rxa2 21. Bb6 Rb8 22. Bc7 Rc8 23. Bg3 h5 24. Nc5 Bd5 25. Re8+ Rxe8 26. Rxe8+ Kh7 27. Nd7 Kg6 28. Nxf6 Kxf6 29. Be5+ Kg6 30. Rd8 f6 31. Bd4 Ra4 32. Be3 Rxh4 33. f3 Ra4 34. Kf2 Ra2+ 35. Kg3 h4+ 36. Kh2 Bxf3 37. Rd2 Rxd2 38. Bxd2 Bd5 39. Kh3 Kf5 40. Kxh4 Bxg2 41. Kg3 Bd5 42. Bb4 g5 43. Bc5 Kg6 44. Kg4 f5+ 45. Kg3 f4+ 46. Kg4 Be6+ 47. Kf3 Kf5 48. Kf2 g4 49. Ke2 Bd5 50. Kf2 g3+ 0-1


[Site "https://www.chess.com"]

[Event "Titled Tuesday Blitz June 27 Early 2023"]
[White "Danielyan, Vahe"]
[Black "Suleymanli, Aydin"]
[WhiteFideId "13304828"]
[BlackFideId "13413937"]
[WhiteElo "2705"]
[BlackElo "2924"]
[Result "1-0"]
[Round "10"]
[TimeControl "180+2"]
[Date "2023.06.27"]
[WhiteClock "0:00:22"]
[BlackClock "0:00:02"]
[Board "21"]

1. e4 c5 2. Nc3 a6 3. g3 b5 4. Bg2 Bb7 5. Nge2 g6 6. d4 cxd4 7. Qxd4 Nf6 8. Bg5 Bg7 9. O-O Nc6 10. Qd2 O-O 11. a4 Ne5 12. b3 b4 13. Nd5 Nxd5 14. exd5 a5 15. Rae1 Bf6 16. Bxf6 exf6 17. f4 Ng4 18. h3 Nh6 19. g4 Kg7 20. f5 Qb6+ 21. Kh1 Rae8 22. Ng3 Ng8 23. Ne4 Re5 24. g5 Rfe8 25. fxg6 hxg6 26. gxf6+ Kf8 27. Ng5 Nxf6 28. Rxe5 Rxe5 29. Rxf6 Qe3 30. Rxf7+ Ke8 31. Qxe3 Rxe3 32. Rg7 Re1+ 33. Kh2 Re2 34. Rg8+ Ke7 35. Rxg6 Bxd5 36. Nh7 Kf7 37. Rg3 Rxc2 38. Ng5+ Kf6 39. Nf3 Rb2 40. Nd4 Ke5 41. Rg5+ Kxd4 42. Rxd5+ Kc3 43. Rxa5 Kxb3 44. Ra8 Ra2 45. a5 Kc3 46. a6 b3 47. Kg3 b2 48. Be4 Kd4 49. Bh7 Ra3+ 50. Kh4 Ke5 51. a7 Kd6 52. Rb8 Ra4+ 53. Kg5 Ra5+ 54. Bf5 Rxa7 55. Rxb2 Ke7 56. Rd2 Kf7 57. h4 Ra1 58. h5 Rg1+ 59. Bg4 Ke8 60. h6 Rh1 61. Kg6 Kf8 62. h7 d5 63. Rxd5 Rh5 64. Rxh5 1-0


[Site "https://www.chess.com"]

[Event "Titled Tuesday Blitz June 27 Early 2023"]
[White "Sethuraman, S.P."]
[Black "Kaidanov, Gregory"]
[WhiteFideId "5021596"]
[BlackFideId "2008564"]
[WhiteElo "2808"]
[BlackElo "2668"]
[Result "1-0"]
[Round "10"]
[TimeControl "180+2"]
[Date "2023.06.27"]
[WhiteClock "0:00:19"]
[BlackClock "0:00:30"]
[Board "22"]

1. e4 e5 2. Nf3 Nc6 3. Bc4 Bc5 4. d3 Nf6 5. c3 a6 6. a4 d6 7. Bg5 h6 8. Bh4 Qe7 9. Nbd2 Ba7 10. O-O g5 11. Bg3 Nh7 12. b4 h5 13. h4 g4 14. Ne1 Nf8 15. Nc2 Ng6 16. Ne3 Be6 17. b5 Nd8 18. bxa6 bxa6 19. d4 exd4 20. Nf5 Bxf5 21. exf5 Ne5 22. Re1 O-O 23. Qc1 Qf6 24. Ne4 Qg7 25. Bd5 Rb8 26. cxd4 Bxd4 27. Qxc7 Ndc6 28. Rad1 Rbc8 29. Qxd6 Rfd8 30. Bxe5 Nxe5 31. Qxa6 Rxd5 32. Nf6+ Kh8 33. Qxc8+ 1-0


[Site "https://www.chess.com"]

[Event "Titled Tuesday Blitz June 27 Early 2023"]
[White "Colas, Joshua"]
[Black "Avinash Ramesh"]
[WhiteFideId "2044447"]
[BlackFideId "45018340"]
[WhiteElo "2635"]
[BlackElo "2790"]
[Result "1-0"]
[Round "10"]
[TimeControl "180+2"]
[Date "2023.06.27"]
[WhiteClock "0:00:18"]
[BlackClock "0:01:05"]
[Board "23"]

1. Nf3 Nf6 2. c4 e6 3. g3 d5 4. Bg2 Be7 5. O-O O-O 6. b3 b6 7. Bb2 Bb7 8. d4 dxc4 9. bxc4 Nbd7 10. Nc3 Re8 11. Qc2 c5 12. d5 exd5 13. cxd5 Nxd5 14. Nxd5 Bxd5 15. Rad1 Be6 16. Ne5 Qc7 17. Nxd7 Bxd7 18. Bxa8 Rxa8 19. Qe4 Bc6 20. Qg4 Bf8 21. h4 Re8 22. h5 h6 23. Rd2 b5 24. Rfd1 a5 25. Qf5 c4 26. Rd7 Bxd7 27. Rxd7 Qxd7 28. Qxd7 Rxe2 29. Qxb5 Bb4 30. Bd4 Re1+ 31. Kg2 c3 32. Qc6 f6 33. Bxc3 Bxc3 34. Qxc3 Re5 35. g4 Rg5 36. Kh3 f5 37. gxf5 Rxf5 38. Qc8+ Rf8 39. Qe6+ Kh8 40. Kg3 a4 41. Qa6 Re8 42. Qxa4 Re5 43. Qg4 Ra5 44. a4 Kh7 45. Qe4+ Kh8 46. f4 Kg8 47. Qc4+ Kh8 48. Qb4 Rxh5 49. a5 g5 50. Qf8+ Kh7 51. Qf7+ Kh8 52. Qxh5 Kg7 53. fxg5 hxg5 54. Qxg5+ Kf7 55. a6 1-0


[Site "https://www.chess.com"]

[Event "Titled Tuesday Blitz June 27 Early 2023"]
[White "Iskusnyh, Sergei"]
[Black "Kilic, Eray"]
[WhiteFideId "4120027"]
[BlackFideId "44517173"]
[WhiteElo "2620"]
[BlackElo "2787"]
[Result "1-0"]
[Round "10"]
[TimeControl "180+2"]
[Date "2023.06.27"]
[WhiteClock "0:00:33"]
[BlackClock "0:01:16"]
[Board "24"]

1. d4 Nf6 2. c4 g6 3. g3 Bg7 4. Bg2 O-O 5. Nc3 d6 6. Nf3 c6 7. O-O Bf5 8. Ng5 h6 9. e4 Bg4 10. Nf3 Qc8 11. Re1 Nbd7 12. h3 Bxf3 13. Bxf3 e5 14. Be3 Qc7 15. Bg2 Rad8 16. Qd2 Kh7 17. Rad1 exd4 18. Bxd4 Nc5 19. b3 Ne6 20. Be3 Qa5 21. Ne2 Qa3 22. Qc2 Rfe8 23. Nc3 Nc5 24. Bd4 Ne6 25. Be3 Qa5 26. f4 Ng4 27. hxg4 Bxc3 28. Rf1 c5 29. Qf2 Nd4 30. g5 h5 31. f5 Re7 32. g4 Rde8 33. gxh5 gxf5 34. g6+ fxg6 35. hxg6+ Kg7 36. Bxd4+ Bxd4 37. Rxd4 cxd4 38. exf5 Re2 39. Qh4 Rh8 40. f6+ Kxg6 41. Qxh8 Qd2 42. Qg7+ Kh5 43. Bf3+ 1-0


[Site "https://www.chess.com"]

[Event "Titled Tuesday Blitz June 27 Early 2023"]
[White "Atakhan, Abtin"]
[Black "De La Villa Garcia, Jesus Maria"]
[WhiteFideId "22502203"]
[BlackFideId "2200040"]
[WhiteElo "2754"]
[BlackElo "2610"]
[Result "1-0"]
[Round "10"]
[TimeControl "180+2"]
[Date "2023.06.27"]
[WhiteClock "0:00:49"]
[BlackClock "0:00:54"]
[Board "25"]

1. Nf3 d5 2. g3 Nc6 3. Bg2 e5 4. d3 Be6 5. Ng5 Bf5 6. Nc3 d4 7. Nce4 f6 8. Nf3 Qd7 9. c3 Nge7 10. Nc5 Qc8 11. cxd4 exd4 12. Qa4 Nd5 13. Nxd4 Bxc5 14. Nxc6 Qd7 15. Qc4 bxc6 16. Qxc5 Be6 17. Bd2 Kf7 18. Rc1 Rhe8 19. Qxc6 Qd8 20. O-O Rc8 21. Rc5 Ne7 22. Qa6 Kg8 23. Qxe6+ 1-0


[Site "https://www.chess.com"]

[Event "Titled Tuesday Blitz June 27 Early 2023"]
[White "Renjith, Sravan"]
[Black "NicolaiMaxime"]
[WhiteFideId "4306783"]
[WhiteElo "2747"]
[BlackElo "2591"]
[Result "1-0"]
[Round "10"]
[TimeControl "180+2"]
[Date "2023.06.27"]
[WhiteClock "0:01:09"]
[BlackClock "0:00:10"]
[Board "26"]

1. Nf3 Nf6 2. b3 g6 3. Bb2 Bg7 4. e3 d6 5. Be2 e5 6. O-O O-O 7. d4 e4 8. Nfd2 d5 9. c4 c6 10. Nc3 Be6 11. f3 exf3 12. Bxf3 Bf5 13. e4 Nxe4 14. Ndxe4 dxe4 15. Nxe4 Re8 16. Ng3 Be6 17. Qd2 Na6 18. Rad1 Nc7 19. Ne4 b6 20. Ng5 Bd7 21. Nxf7 Qe7 22. Ne5 Qd6 23. Qf2 Rad8 24. Bxc6 Bxc6 25. Qf7+ Kh8 26. Nxc6 Qxc6 27. Qxg7+ Kxg7 28. d5+ Kg8 29. dxc6 Ne6 30. Rfe1 Kf7 31. Rd5 Nf4 32. Rf1 g5 33. Rxg5 Re2 34. Bc1 h6 35. Rf5+ Ke6 36. R5xf4 Rg8 37. R4f2 Re4 38. Bd2 Kd6 39. Rf6+ Kc5 40. R1f5+ Kd4 41. Rd5# 1-0


[Site "https://www.chess.com"]

[Event "Titled Tuesday Blitz June 27 Early 2023"]
[White "Krutko, Anatoly"]
[Black "splendidkid"]
[WhiteFideId "4185862"]
[WhiteElo "2587"]
[BlackElo "2736"]
[Result "0-1"]
[Round "10"]
[TimeControl "180+2"]
[Date "2023.06.27"]
[WhiteClock "0:00:02"]
[BlackClock "0:00:52"]
[Board "27"]

1. d4 Nf6 2. c4 g6 3. Nc3 Bg7 4. e4 d6 5. Nge2 O-O 6. Ng3 e5 7. d5 a5 8. h4 h5 9. Bg5 Bg4 10. f3 Bc8 11. Qd2 Na6 12. O-O-O Nc5 13. Be2 Bd7 14. Nf1 Qc8 15. Kb1 Nh7 16. Be3 f5 17. exf5 gxf5 18. f4 exf4 19. Bxf4 Qe8 20. Ng3 Nf6 21. Rhe1 Qg6 22. Ka1 a4 23. Bf3 a3 24. Re7 axb2+ 25. Kb1 Rae8 26. Rde1 Rxe7 27. Rxe7 Re8 28. Rxe8+ Qxe8 29. Bh6 f4 30. Bxg7 Kxg7 31. Qxf4 Qe1+ 32. Kc2 Bg4 33. Bxg4 hxg4 34. Nf5+ Kf7 35. Nh6+ Ke7 36. Nf5+ Kd7 37. Qd2 b1=Q+ 38. Nxb1 Qe4+ 39. Kb2 Qxf5 40. Nc3 Nfe4 41. Nxe4 Nxe4 42. Qd4 b6 43. Kc2 Nc5+ 44. Kc3 Kc8 45. Qh8+ Kb7 46. Qe8 Qf6+ 47. Kc2 Qf2+ 48. Kc3 Qg3+ 49. Kc2 Qxg2+ 50. Kc3 Qh3+ 51. Kb4 Na6+ 52. Kb5 Qa3 53. Qc6+ Ka7 54. Qb7+ Kxb7 55. c5 0-1


[Site "https://www.chess.com"]

[Event "Titled Tuesday Blitz June 27 Early 2023"]
[White "Matinian, Nikita"]
[Black "Mamedov, Edgar"]
[WhiteFideId "24129100"]
[BlackFideId "13739980"]
[WhiteElo "2730"]
[BlackElo "2574"]
[Result "1-0"]
[Round "10"]
[TimeControl "180+2"]
[Date "2023.06.27"]
[WhiteClock "0:00:10"]
[BlackClock "0:00:00"]
[Board "28"]

1. e4 c5 2. Nf3 Nc6 3. Bb5 e5 4. Nc3 d6 5. a4 Nf6 6. d3 Bd7 7. Bg5 Be7 8. Bxf6 Bxf6 9. Nd5 O-O 10. c3 a6 11. Bc4 g6 12. h4 Bg4 13. h5 gxh5 14. Qd2 Bg7 15. Nh4 b5 16. Bb3 Ne7 17. axb5 Rb8 18. Rxa6 Rxb5 19. Bc4 Rb8 20. f3 Be6 21. Ne3 Ra8 22. Rxa8 Qxa8 23. Nhf5 Bxf5 24. exf5 d5 25. Bb3 d4 26. Nd1 Nxf5 27. Rxh5 Ne7 28. Qg5 Ng6 29. Rh1 Qd8 30. Qxd8 Rxd8 31. g3 Rb8 32. Bc4 Ne7 33. cxd4 exd4 34. Rh5 Rc8 35. Nf2 Nc6 36. Ne4 Ne5 37. Nd6 Rd8 38. Nb7 Rb8 39. Nxc5 Nxc4 40. dxc4 Rxb2 41. Nd3 Rc2 42. c5 Bf8 43. Rd5 Rc4 44. f4 f6 45. Ke2 Kf7 46. Kf3 Ke6 47. Ke4 h6 48. f5+ Kf7 49. Rxd4 Rc3 50. Rd7+ Ke8 51. Rc7 Kd8 52. Rc6 Be7 53. Nf4 Kd7 54. Ra6 Rxc5 55. Ra7+ Ke8 56. Nd5 Bd8 57. Rh7 Rc4+ 58. Ke3 Rg4 59. Kf3 Rd4 60. Nf4 Kf8 61. Ne6+ Kg8 62. Rg7+ Kh8 63. Nxd4 Kxg7 64. Ne6+ Kf7 65. Nxd8+ Ke7 66. Ne6 Kd6 67. Kf4 Kd5 68. Ng7 Kd6 69. Nh5 Ke7 70. Ke4 Kf7 71. Kd5 1-0


[Site "https://www.chess.com"]

[Event "Titled Tuesday Blitz June 27 Early 2023"]
[White "Preotu, Razvan"]
[Black "Berezin, Viktor"]
[WhiteFideId "2613280"]
[BlackFideId "14107872"]
[WhiteElo "2719"]
[BlackElo "2559"]
[Result "1-0"]
[Round "10"]
[TimeControl "180+2"]
[Date "2023.06.27"]
[WhiteClock "0:00:14"]
[BlackClock "0:00:21"]
[Board "29"]

1. e4 g6 2. d4 Bg7 3. Nc3 d6 4. Be3 c6 5. f4 b5 6. Bd3 b4 7. Nce2 Nf6 8. Nf3 a5 9. O-O Ba6 10. c4 d5 11. cxd5 cxd5 12. e5 Ne4 13. Ng3 Nxg3 14. hxg3 e6 15. g4 h5 16. Ng5 Bxd3 17. Qxd3 hxg4 18. Nxe6 Qh4 19. Qb5+ Nd7 20. Nxg7+ Ke7 21. Rfc1 g3 22. Kf1 Qh1+ 23. Bg1 Rac8 24. Qxd5 Rhd8 25. Qd6# 1-0


[Site "https://www.chess.com"]

[Event "Titled Tuesday Blitz June 27 Early 2023"]
[White "Luukkonen, Tommi"]
[Black "Leon Oquendo, Jorge"]
[WhiteFideId "501808"]
[BlackFideId "3514803"]
[WhiteElo "2488"]
[BlackElo "2692"]
[Result "0-1"]
[Round "10"]
[TimeControl "180+2"]
[Date "2023.06.27"]
[WhiteClock "0:00:36"]
[BlackClock "0:00:56"]
[Board "30"]

1. e4 c5 2. d4 cxd4 3. Qxd4 Nc6 4. Qd3 g6 5. Nc3 Bg7 6. Nf3 d6 7. Be2 Nf6 8. O-O O-O 9. Nd5 Bg4 10. Bg5 Nxd5 11. exd5 Bxf3 12. Qxf3 Nd4 13. Qd3 h6 14. Be3 Nxe2+ 15. Qxe2 b5 16. c3 a6 17. a4 Qd7 18. Qd2 h5 19. Bd4 Rfb8 20. a5 Rc8 21. Rfe1 Bxd4 22. Qxd4 Rc4 23. Qb6 Qa7 24. Qe3 Qxe3 25. Rxe3 Kf8 26. Rae1 Ra7 27. b4 Rac7 28. f3 Rxc3 29. h4 Rxe3 30. Rxe3 Rc4 31. Kf2 Rxb4 32. Rc3 Rc4 33. Rxc4 bxc4 34. Ke3 e6 0-1


[Site "https://www.chess.com"]